 Dungeon Crawl Stone Soup version 0.25-a0-290-g4a1327e (webtiles) character file.

Game seed: 8849327755620859150, levelgen mode: deterministic

12402 Blackhawk the Fighter (level 11, -2/101 HPs)
             Began as a Minotaur Hunter on Dec 14, 2019.
             Was a Priest of Ru.
             Slain by Rupert
             ... wielding a +1 great sword of holy wrath
              (35 damage)
             ... on level 12 of the Dungeon.
             The game lasted 00:24:14 (15261 turns).

Blackhawk the Fighter (Minotaur Hunter)            Turns: 15261, Time: 00:24:15

Health: -2/101     AC: 15    Str: 26    XL:     11   Next: 62%
Magic:  10/10      EV: 12    Int:  8    God:    Ru [***...]
Gold:   490        SH:  8    Dex:  8    Spells: 10/10 levels left

rFire    . . .     SeeInvis +   a - +0 broad axe
rCold    . . .     Gourm    +   B - +3 buckler of Theory {Str+8 Dex-3 Stlth+}
rNeg     . . .     Faith    .   u - +0 chain mail
rPois    .         Spirit   .   (helmet restricted)
rElec    .         Reflect  .   Q - +0 cloak (curse)
rCorr    .         Harm     .   (no gloves)
MR       .....                  (no boots)
Stlth    ..........             r - amulet of the gourmand
HPRegen  0.26/turn              v - ring of see invisible
MPRegen  0.12/turn              C - +2 ring of protection

@: no status effects
A: retaliatory headbutt, horns 2, weak 1, inability to use devices, hated by all
a: Draw Out Power, Renounce Religion


You were on level 12 of the Dungeon.
You worshipped Ru.
Ru was most pleased with you.
You were completely stuffed.

You visited 2 branches of the dungeon, and saw 13 of its levels.

You collected 599 gold pieces.
You spent 109 gold pieces at shops.

Inventory:

Hand Weapons
 a - a +0 broad axe (weapon)
 b - a +0 flail of protection
 m - a +0 short sword
 L - a +0 hand axe
Missiles
 c - 12 javelins
 d - 2 throwing nets
 k - 9 atropa-tipped darts
 w - 34 poisoned darts (quivered)
Armour
 g - a +0 cloak
 i - a +0 ring mail
 u - a +0 chain mail (worn)
 B - the +3 buckler of Theory (worn) {Str+8 Dex-3 Stlth+}
   (You found it on level 4 of the Dungeon)

   It affects your strength (+8).
   It affects your dexterity (-3).
   It makes you more stealthy.
 K - a +0 leather armour
 Q - a cursed +0 cloak (worn)
 V - a +0 large shield
Jewellery
 r - an amulet of the gourmand (around neck)
 v - a ring of see invisible (left hand)
 A - an uncursed amulet of regeneration {unknown}
 C - a +2 ring of protection (right hand)
 G - a +4 ring of dexterity {unknown}
 S - a cursed amulet of inaccuracy {unknown}
 U - a +3 ring of evasion {unknown}
Scrolls
 e - 7 scrolls of teleportation
 l - 2 scrolls of blinking {unknown}
 o - 4 scrolls of immolation {unknown}
 p - 8 scrolls of identify
 q - 3 scrolls of enchant armour {unknown}
 t - 3 scrolls of amnesia {unknown}
 y - 5 scrolls of remove curse {unknown}
 F - a scroll of vulnerability {unknown}
 I - 3 scrolls of magic mapping
 J - a scroll of fear {unknown}
 N - a scroll of brand weapon {unknown}
 P - a scroll of random uselessness {unknown}
Potions
 h - 2 potions of cancellation {unknown}
 j - 4 potions of agility {unknown}
 n - a potion of might {unknown}
 s - a potion of haste {unknown}
 x - 2 potions of resistance
 z - 4 potions of curing
 E - 2 potions of degeneration {unknown}
 H - 3 potions of lignification {unknown}
 M - a potion of invisibility {unknown}
 O - a potion of brilliance {unknown}
 R - 2 potions of flight {unknown}
 T - a potion of ambrosia {unknown}
Comestibles
 f - 21 rations


   Skills:
 + Level 10.4 Fighting
 + Level 10.0 Axes
 - Level 4.0 Throwing
 + Level 10.1 Armour
 + Level 9.6 Dodging
 - Level 0.8 Stealth
 + Level 9.4 Shields


You had 10 spell levels left.
You didn't know any spells.
Your spell library contained the following spells:

 Spells                   Type           Power        Failure   Level  Hunger
 Confusing Touch          Hex            #.....       90%         1    ##.....
 Magic Dart               Conj           #...         90%         1    ##.....
 Searing Ray              Conj           #.....       97%         2    ###....
 Confuse                  Hex            #.......     99%         3    ####...
 Dazzling Flash           Conj/Hex       #.....       99%         3    ####...
 Gell's Gravitas          Tloc           #.........   99%         3    ####...
 Fulminant Prism          Conj/Hex       #.........   100%        4    #####..
 Iskenderun's Mystic Bla  Conj/Tloc      #.......     100%        4    #####..
 Petrify                  Tmut/Erth      #.......     100%        4    #####..
 Metabolic Englaciation   Hex/Ice        #.........   100%        5    ######.
 Yara's Violent Unravell  Hex/Tmut       #.........   100%        5    ######.


Dungeon Overview and Level Annotations

Branches:
Dungeon (12/15)            Temple (1/1) D:6            Lair (0/6) D:9
    Orc (0/2) D:11

Altars:
Ashenzari
Cheibriados
Dithmenos
Elyvilon
Fedhas
Gozag
Hepliaklqana
Kikubaaqudgha
Makhleb
Nemelex Xobeh
Okawaru
Qazlal
Ru
Sif Muna
Trog
Uskayaw
Vehumet
Wu Jian
Xom
Yredelemnul
Zin
The Shining One

Shops:
D:4 *   D:6 =(?[:

Annotations:
D:12 Rupert


Innate Abilities, Weirdness & Mutations

You reflexively headbutt those who attack you in melee.
You have a pair of horns on your head.
You are weak. (Str -2)
You cannot study or use magical devices.
You are hated by all.


Message History

You are too injured to fight recklessly!
You are too injured to fight recklessly!
You are too injured to fight recklessly!
You are too injured to fight recklessly!
You are too injured to fight recklessly!
You are too injured to fight recklessly!
You are too injured to fight recklessly!
You are too injured to fight recklessly!
You are too injured to fight recklessly!
Rupert rages.
Rupert hits you with a +1 great sword of holy wrath!
You redirect Rupert's attack!
Rupert hits the vampire mosquito with a +1 great sword of holy wrath!!
The vampire mosquito convulses!
The vampire mosquito is destroyed!
You block Rupert's attack.
Rupert hits you with a +1 great sword of holy wrath!
Rupert rages.
Rupert hits you with a +1 great sword of holy wrath!!
You die...

#....#.#..#########
##########.##.#..##.......
.....^...#.#.....##.######
########.#.#.....##.#.....
#.#.#.....##.'.....
#.#.......####.....
########.........####.....
#........@##..............
#.#######@##....#######'#.
#.# #.##..........#.#. #.#
#.......#####.#.#) #.#
#.......# #.#.#. #.#
#.......# #.#.#. #.#
#.......# #.#.#. #.#
#.......# #.#.#.
#.#######.......# #.#.#.
#.#...(.........# #.#.#.


You could see Rupert (berserk).

Vanquished Creatures
  A two-headed ogre (D:8)
  The ghost of Caerwyn the Firebug, a novice OpFE of Ashenzari (D:7)
  An unseen horror (D:11)
  An ugly thing (D:11)
  A cyclops (D:11)
  A gargoyle (D:10)
  3 trolls
  2 hippogriffs
  A shadow (D:11)
  A spriggan (D:10)
  9 yaks
  A basilisk (D:11)
  A vampire mosquito (D:12)
  A hungry ghost (D:9)
  An acid dragon (D:10)
  3 ice beasts
  4 sky beasts
  An eye of draining (D:11)
  A phantom (D:10)
  6 orc warriors
  9 ogres
  A black bear (D:6)
  A necrophage (D:9)
  3 centaurs
  4 big kobolds
  2 wyvern zombies
  6 gnoll sergeants (D:11)
  7 bullfrogs
  5 scorpions
  14 killer bees
  4 wights (D:11)
  4 howler monkeys
  2 crimson imps
  2 centaur zombies
  A bullfrog zombie (D:11)
  3 hounds
  4 jellies
  11 orc priests
  A bullfrog skeleton (D:10)
  2 centaur skeletons
  3 iguanas
  12 orc wizards
  6 worker ants
  A hound zombie (D:9)
  3 hound skeletons
  A worker ant zombie (D:7)
  6 gnolls
  15 adders
  2 shadow imps
  2 oozes
  3 adder skeletons
  3 adder zombies
  8 worms
  3 dart slugs
  4 leopard geckos
  52 orcs
  8 bats
  10 giant cockroaches
  8 hobgoblins
  3 jackals (D:4)
  5 quokkas
  2 ball pythons
  4 frilled lizards
  5 goblins
  A jackal zombie (D:5)
  16 kobolds
  A quokka skeleton (D:9)
  6 rats
320 creatures vanquished.

Vanquished Creatures (others)
  A vampire mosquito (D:12)
  2 plants (D:10)
3 creatures vanquished.

Grand Total: 323 creatures vanquished

Notes
Turn   | Place    | Note
-------+----------+-------------------------------------------
     0 | D:1      | Blackhawk the Minotaur Hunter began the quest for the Orb.
     0 | D:1      | Reached XP level 1. HP: 18/18 MP: 0/0
   319 | D:1      | Reached XP level 2. HP: 25/25 MP: 1/1
   388 | D:1      | Reached skill level 1 in Armour
   725 | D:2      | Reached skill level 1 in Axes
   768 | D:2      | Reached XP level 3. HP: 31/31 MP: 2/2
  1702 | D:2      | Reached XP level 4. HP: 25/38 MP: 3/3
  2644 | D:3      | Reached XP level 5. HP: 46/46 MP: 4/4
  2990 | D:4      | Found a hide-covered altar of Uskayaw.
  2991 | D:4      | Noticed an ogre
  3386 | D:4      | Killed an ogre
  3386 | D:4      | Reached XP level 6. HP: 36/53 MP: 5/5
  3519 | D:4      | Got a transparent buckler
  3535 | D:4      | Identified the +3 buckler of Theory {Str+8 Dex-3 Stlth+}
                  | (You found it on level 4 of the Dungeon)
  3946 | D:4      | Reached skill level 1 in Shields
  4296 | D:4      | Found Baloerut's General Store.
  4339 | D:4      | Bought a scroll of teleportation for 36 gold pieces
  4339 | D:4      | Bought a scroll of identify for 24 gold pieces
  4579 | D:5      | Entered Level 5 of the Dungeon
  4589 | D:5      | Noticed a sky beast
  4607 | D:4      | Reached XP level 7. HP: 58/60 MP: 6/6
  4643 | D:4      | Reached skill level 5 in Fighting
  4966 | D:5      | Noticed a hippogriff
  4978 | D:5      | Killed a hippogriff
  4978 | D:5      | Reached skill level 5 in Dodging
  5100 | D:5      | Reached skill level 5 in Armour
  5100 | D:5      | Reached XP level 8. HP: 64/70 MP: 7/7
  5434 | D:6      | Found Tysuotol's Magic Scroll Shop.
  5442 | D:6      | Bought a scroll of magic mapping for 49 gold pieces
  5460 | D:6      | Found Byq Emipn's Antique Weapon Boutique.
  5481 | D:6      | Reached skill level 5 in Axes
  5867 | D:6      | Found a staircase to the Ecumenical Temple.
  5893 | Temple   | Entered the Ecumenical Temple
  6113 | Temple   | Became a worshipper of Ru the Awakened
  6247 | D:6      | Found a snail-covered altar of Cheibriados.
  6301 | D:6      | Found Deunatua's Jewellery Shop.
  7272 | D:6      | Found Onidghylu's Book Boutique.
  7323 | D:6      | Found Zyirih's Antique Armour Boutique.
  7622 | D:7      | Reached skill level 5 in Shields
  7625 | D:7      | Reached XP level 9. HP: 36/78 MP: 8/8
  8835 | D:7      | Gained mutation: You are weak. (Str -2) [Ru sacrifice]
  8903 | D:7      | Found a runed translucent gate.
  8903 | D:7      | Found a runed translucent gate.
  8903 | D:7      | Found a runed translucent gate.
  8903 | D:7      | Noticed Caerwyn's ghost (novice OpFE)
  8926 | D:7      | Killed Caerwyn's ghost
  9291 | D:8      | Noticed a two-headed ogre
  9309 | D:8      | Killed a two-headed ogre
  9309 | D:8      | Reached XP level 10. HP: 11/90 MP: 9/9
  9884 | D:8      | HP: 1/90 [orc priest/divine providence (17)]
 10849 | D:9      | Found a staircase to the Lair.
 11436 | D:9      | Found a blossoming altar of Fedhas.
 11436 | D:9      | Found a bloodstained altar of Trog.
 11437 | D:9      | Found a shimmering blue altar of Sif Muna.
 11842 | D:10     | Entered Level 10 of the Dungeon
 11925 | D:10     | Gained mutation: You cannot study or use magical devices.
                  | [Ru sacrifice]
 11925 | D:10     | Reached * piety under Ru
 11925 | D:10     | Reached ** piety under Ru
 11925 | D:10     | Reached *** piety under Ru
 12340 | D:10     | Noticed a gargoyle
 12350 | D:10     | Killed a gargoyle
 13026 | D:11     | Noticed an unseen horror
 13039 | D:11     | Killed an unseen horror
 13039 | D:11     | Reached XP level 11. HP: 90/99 MP: 10/10
 13483 | D:11     | Reached skill level 10 in Fighting
 14218 | D:11     | Found the cursed +13 scythe of Curses {drain, *Curse}
 14494 | D:11     | Reached skill level 10 in Armour
 14615 | D:11     | Noticed a purple ugly thing
 14630 | D:11     | Killed a purple ugly thing
 14630 | D:11     | Reached skill level 10 in Axes
 14812 | D:11     | Found a staircase to the Orcish Mines.
 14904 | D:12     | Gained mutation: You are hated by all. [Ru sacrifice]
 15242 | D:12     | Noticed Rupert
 15261 | D:12     | Slain by Rupert

Levels and vault maps discovered:
D:1:      scummos_arrival_simple_fountains, layout_basic
D:2:      layout_basic
D:3:      minmay_angry_zag, layout_basic
D:4:      layout_loops_ring, eat_drink_and_be_merry_uskayaw, serial_shops, shop,
          serial_co_window_serial, co_window_corner_a, co_window_paths_a,
          co_window_of_opportunity_a, co_window_paths_a, co_window_corner_a,
          co_window_corner_a, co_window_paths_a, co_window_of_opportunity_b,
          co_window_unsneaky_path_e, co_window_of_opportunity_b,
          co_window_2corner, co_window_unsneaky_path_b, co_window_2corner,
          co_window_4corner_a, glass_columns_a, glass_columns_a,
          minmay_strange_pillars
D:5:      layout_basic, first_ration
D:6:      layout_basic, minmay_temple_entry_butterflies, serial_shops,
          shop_fountains, shop, shop, shop, nicolae_shop_behind_doors,
          cheibrodos_worm_habitat
D:7:      minmay_s_stair_smasher, layout_basic, ebering_ghost_rock_garden
D:8:      layout_basic
D:9:      layout_basic, gammafunk_temple_overflow_claw, lair_entry_dummy
D:10:     layout_roguey, the_bakery, serial_bayou_ford_a
D:11:     layout_irregular_city, kennysheep_orc_monster_closet_entryway
D:12:     layout_basic, kennysheep_small_circle, uniq_maurice, uniq_rupert
Temple:   eino_narrow_crystal_temple

Skill      XL: |  1  2  3  4  5  6  7  8  9 10 11 |
---------------+----------------------------------+-----
Armour         | 1 2 3 4 5 6 7 9 10 | 10.1
Axes           | 1 2 3 4 6 7 9 10 | 10.0
Fighting       | 3 4 5 6 8 9 10 | 10.4
Dodging        | 3 4 5 6 7 8 9 |  9.6
Shields        | 1 3 5 6 8 9 |  9.4
Throwing       | |  4.0
Stealth        | |  0.8

Action                   |  1- 3 |  4- 6 |  7- 9 | 10-12 || total
-------------------------+-------+-------+-------+-------++-------
Melee: Hand axe          |    83 |   140 |   148 |       ||   371
       Short sword       |     6 |       |       |       ||     6
       Headbutt          |    12 |    31 |    57 |    84 ||   184
       Broad axe         |       |       |   127 |   465 ||   592
Throw: Javelin           |    11 |    11 |       |       ||    22
       Dart              |       |    26 |    36 |     5 ||    67
Invok: Sacrifice Purity  |       |       |     1 |       ||     1
       Sacrifice Artific |       |       |       |     1 ||     1
       Sacrifice Love    |       |       |       |     1 ||     1
  Use: Potion            |       |       |       |     1 ||     1
 Stab: Invisible         |       |       |       |     3 ||     3
  Eat: Chunk             |    12 |    12 |    14 |    27 ||    65
Armor: Ring mail         |    24 |    49 |       |       ||    73
       Chain mail        |       |    21 |   133 |   219 ||   373
Dodge: Dodged            |    55 |   103 |   148 |   231 ||   537
Block: Buckler           |       |    21 |   126 |   201 ||   348

Table legend:
 A = Non-vault XP
 B = Vault XP
 C = Vault XP percentage of total XP
 D = Non-vault monster count
 E = Vault monster count
 F = Vault count percentage of total count
                 A         B        C        D         E       F
            +---------+---------+-------+---------+---------+-------
      Total |   14348 |    3370 |  19.0 |     284 |      36 |  11.2
            +---------+---------+-------+---------+---------+-------
        D:1 |      25 |       0 |   0.0 |      15 |       0 |   0.0
        D:2 |      99 |       0 |   0.0 |      23 |       0 |   0.0
        D:3 |      69 |      18 |  20.7 |      15 |       4 |  21.1
        D:4 |     706 |       0 |   0.0 |      35 |       0 |   0.0
        D:5 |     756 |       0 |   0.0 |      17 |       0 |   0.0
        D:6 |     943 |       5 |   0.5 |      21 |       1 |   4.5
        D:7 |    1018 |    1431 |  58.4 |      23 |      10 |  30.3
        D:8 |    2479 |       0 |   0.0 |      51 |       0 |   0.0
        D:9 |    1046 |       0 |   0.0 |      22 |       0 |   0.0
       D:10 |    1905 |     211 |  10.0 |      22 |       1 |   4.3
       D:11 |    5114 |    1705 |  25.0 |      37 |      20 |  35.1
       D:12 |     188 |       0 |   0.0 |       3 |       0 |   0.0
            +---------+---------+-------+---------+---------+-------
